Map: Odyssey LE

Players

ZhuGeLiang - Winner!

  • Race: Zerg Zerg
  • Spawn Location: 11:00

MediamanoEZ

  • Race: Protoss Protoss
  • Spawn Location: 5:00

Event: WCS Valencia 2017

VOD

Have the link to the VOD?

Description

Time

  • Played on: July 13, 2017, 6:06 a.m.
  • Length: 6:10

All games in this series

Show
View Real Time Build Order
Export as new Build Order

ZhuGeLiang Zerg - Winner!

Build Orders: Pool First 

Get SALT Encoding   

  12  0:01  Drone  
  13  0:12  Overlord  
  13  0:18  Drone  
  14  0:31  Drone x2  
  14  0:34  Drone  
  17  0:41  Extractor  
  16  0:45  Drone  
  17  0:50  Spawning Pool  
  17  0:56  Drone  
  17  1:06  Drone  
  18  1:20  Drone  
  19  1:35  Hatchery  
  19  1:37  Queen  
  20  1:42  Metabolic Boost  
  20  1:46  Zergling x2  
  21  1:51  Overlord  
  21  1:55  Zergling x2  
  22  2:10  Zergling x2  
  22  2:12  Queen, Zergling x2  
  26  2:26  Drone  
  27  2:30  Evolution Chamber  
  27  2:36  Overlord  
  26  2:45  Zergling x8  
  26  2:50  Zergling x2  
  31  2:58  Zergling x4  
  33  3:09  Zergling x4  
  35  3:20  Zergling x2  
  35  3:21  Zergling x2  
  35  3:23  Overlord  
  36  3:29  Zergling x2  
  36  3:30  Zergling x8  
  37  3:39  Zergling x4  
  39  3:43  Drone  
  39  3:51  Drone  
  39  3:54  Drone  
  36  4:03  Hatchery  
  36  4:08  Drone  
  36  4:09  Drone x4  
  40  4:20  Drone  
  40  4:21  Drone  
  40  4:22  Drone  
  43  4:27  Drone x4  
  46  4:34  Overlord  
  46  4:37  Drone  
  46  4:38  Drone  
  48  4:41  Drone  
  49  4:47  Overlord  
  48  4:55  Drone  
  48  5:02  Drone  
  48  5:03  Drone  
  48  5:04  Extractor, Queen, Drone  
  48  5:07  Drone x4  
  52  5:15  Zergling x6  
  52  5:19  Zergling x2  
  56  5:25  Zergling x4  
  56  5:26  Baneling Nest  
  56  5:28  Zergling x2  
  58  5:32  Zergling x6  
  62  5:35  Zergling x2  
  62  5:36  Zergling x4  
  64  5:43  Zergling x6  
  67  5:50  Zergling x6  
Show
View Real Time Build Order
Export as new Build Order

MediamanoEZ Protoss 

Build Orders:  

Get SALT Encoding   

  12  0:02  Probe (Chrono Boost)  
  13  0:12  Probe (Chrono Boost)  
  14  0:19  Pylon  
  14  0:23  Probe (Chrono Boost)  
  15  0:37  Probe (Chrono Boost)  
  16  0:48  Probe (Chrono Boost)  
  17  1:07  Gateway  
  17  1:09  Probe (Chrono Boost)  
  18  1:20  Nexus  
  18  1:23  Pylon  
  18  1:29  Probe (Chrono Boost)  
  19  1:45  Probe (Chrono Boost)  
  20  1:48  Assimilator  
  20  1:51  Assimilator  
  20  1:56  Probe (Chrono Boost)  
  21  2:01  Cybernetics Core  
  21  2:04  Gateway  
  21  2:07  Probe (Chrono Boost)  
  22  2:18  Zealot  
  24  2:28  Probe (Chrono Boost)  
  24  2:39  Probe (Chrono Boost)  
  25  2:44  Warp Gate  
  25  2:51  Gateway  
  25  2:56  Adept  
  25  2:57  Adept  
  29  3:03  Probe (Chrono Boost)  
  30  3:10  Mothership Core (Chrono Boost)  
  32  3:14  Probe (Chrono Boost)  
  33  3:24  Assimilator  
  33  3:25  Probe (Chrono Boost)  
  34  3:29  Probe (Chrono Boost)  
  35  3:35  Probe (Chrono Boost)  
  35  3:40  Adept  
  35  3:41  Adept  
  38  3:46  Probe x2 (Chrono Boost)  
  38  3:47  Adept  
  37  3:48  Pylon  
  30  4:08  Adept x2  
  33  4:14  Adept  
  35  4:22  Probe (Chrono Boost)  
  35  4:23  Probe (Chrono Boost)  
  37  4:33  Probe (Chrono Boost)  
  37  4:34  Probe (Chrono Boost)  
  39  4:42  Robotics Facility  
  39  4:43  Probe (Chrono Boost)  
  39  4:44  Probe (Chrono Boost)  
  39  4:54  Probe (Chrono Boost)  
  39  5:17  Probe x2 (Chrono Boost)  
  39  5:21  Assimilator  
  41  5:27  Probe x2 (Chrono Boost)  
  43  5:29  Pylon  
  43  5:32  Pylon  
  43  5:34  Adept  
  43  5:35  Pylon  
  45  5:49  Adept x2  
Tags
 
Add a new tag
Caveats
  • Supply blocks, unpowered buildings, or Contaminate may cause inaccurate times.
  • Supply counts are checked every 10 seconds.